 Dungeon Crawl Stone Soup version 0.18-a0-1618-gf90497c (webtiles) character file.

4588 Fuzzwah the Archer (level 10, -1/81 HPs)
             Began as a Centaur Hunter on Mar 22, 2016.
             Was a Priest of Trog.
             Succumbed to a killer bee's poison
             ... on level 9 of the Dungeon on Mar 23, 2016.
             The game lasted 02:16:44 (11165 turns).

Fuzzwah the Archer (Centaur Hunter)                Turns: 11165, Time: 02:16:45

Health: -1/81      AC: 20    Str: 14 (15) XL:     10   Next: 18%
Magic:  10/10      EV:  3    Int: 12 (15) God:    Trog [***...]
Gold:   416        SH:  3    Dex: 11 (13) Spells: 0 memorised, 9 levels left

rFire  x . .     SeeInvis .     b - +0 short sword (venom)
rCold  + . .     Gourm    +     l - +0 chain mail
rNeg   + . .     Faith    .     t - +0 buckler
rPois  .         Spirit   .     d - +0 helmet
rElec  .         Dismiss  .     K - +0 cloak
rCorr  .         Reflect  .     (no gloves)
SustAt .         Harm     .     A - +4 centaur barding
MR     .....                    m - amulet of the gourmand {Gourm, !d}
Stlth  ..........               B - ring of positive energy {rN+}
                                k - ring of ice {rC+, rF-}

@: brilliant, lethally poisoned (-1 -> -21), very quick, not resistant to
hostile enchantments, extremely unstealthy
A: hooves 3, deformed body, speed 2, tough skin 3
a: Berserk, Trog's Hand, Burn Spellbooks, Renounce Religion


You were on level 9 of the Dungeon.
You worshipped Trog.
Trog was most pleased with you.
You were not hungry.

You visited 2 branches of the dungeon, and saw 10 of its levels.

You collected 416 gold pieces.

Inventory:

Hand Weapons
 a - a +1 shortbow
 b - a +0 short sword of venom (weapon)
   (You took it off a kobold on level 3 of the Dungeon)
 N - a +2 battleaxe
   (You took it off a wight on level 8 of the Dungeon)
 O - a cursed +2 long sword of freezing
   (You took it off a wight on level 8 of the Dungeon)
Missiles
 z - an arrow of flame
 G - a throwing net {=f, !d}
Armour
 d - a +0 helmet (worn)
   (You took it off Robin on level 2 of the Dungeon)
 l - a +0 chain mail (worn)
   (You found it on level 1 of the Dungeon)
 t - a +0 buckler (worn)
   (You found it on level 5 of the Dungeon)
 A - a +4 centaur barding (worn)
   (You found it on level 6 of the Dungeon)
 K - a +0 cloak (worn)
   (You found it on level 8 of the Dungeon)
Jewellery
 k - a ring of ice (left hand) {rC+, rF-}
   (You found it on level 3 of the Dungeon)
 m - an amulet of the gourmand (around neck) {Gourm, !d}
   (You took it off a kobold on level 4 of the Dungeon)
 n - an uncursed ring of sustain attributes
   (You found it on level 3 of the Dungeon)
 B - a ring of positive energy (right hand) {rN+}
   (You found it on level 6 of the Dungeon)
Wands
 D - a wand of paralysis (20/24)
   (You found it on level 7 of the Dungeon)
 F - a wand of confusion (29/48)
   (You found it on level 7 of the Dungeon)
 I - a wand of confusion (9/48)
   (You found it on level 7 of the Dungeon)
 L - a wand of confusion (32/48)
   (You found it on level 7 of the Dungeon)
 M - a wand of flame (27/48)
   (You found it on level 8 of the Dungeon)
Scrolls
 g - a scroll of remove curse
 o - a scroll of fog
 v - 2 scrolls of recharging
 w - a scroll of immolation {!r}
 C - a scroll of enchant weapon
 E - a scroll of enchant armour
Potions
 e - 4 potions of cure mutation {!q}
 x - 2 potions of resistance
 H - a potion of cancellation {unknown}
Comestibles
 f - 2 bread rations {@e1}
 i - 4 meat rations {@e2}
 q - 3 royal jellies


   Skills:
 + Level 5.0 Fighting
 + Level 4.1 Short Blades
 + Level 9.5 Bows
 * Level 6.2 Armour
 * Level 6.6 Dodging
 - Level 1.0 Stealth


You had 9 spell levels left.
You didn't know any spells.

Dungeon Overview and Level Annotations

Branches:
Dungeon (9/15)             Temple (1/1) D:4            Lair (0/8) D:8
    Orc: D:9-12

Altars:
Ashenzari
Cheibriados
Dithmenos
Elyvilon
Fedhas
Gozag
Kikubaaqudgha
Makhleb
Nemelex Xobeh
Okawaru
Pakellas
Qazlal
Ru
Trog
Vehumet
Xom
Yredelemnul
Zin
The Shining One

Annotations:
D:3 slender's ghost, amateur KoAr


Innate Abilities, Weirdness & Mutations

You have hooves in place of feet.
Armour fits poorly on your strangely shaped body.
You cover ground very quickly.
You have extremely tough skin (AC +3).


Message History

Trog accepts your kill.
The killer bee stings you but does no damage.
There is a stone staircase leading up here.
You take 1 damage, and have 62/81 hp.
You miss the killer bee.
You feel sick.
The killer bee stings you but does no damage.
You block the killer bee's attack. The killer bee stings you.
You are more poisoned.
The killer bee poisons you!
The killer bee stings you but does no damage.
You take 4 damage, and have 58/81 hp.
You hit the killer bee.
You feel very sick. The killer bee completely misses you.
The killer bee stings you but does no damage.
You block the killer bee's attack. x2; The killer bee stings you.
You take 6 damage, and have 52/81 hp.
Your chain mail prevents you from hitting the killer bee.
You kick the killer bee.
You feel sick. The killer bee stings you. The killer bee barely misses you.
The killer bee completely misses you. The killer bee stings you.
You block the killer bee's attack. The killer bee barely misses you.
You take 6 damage, and have 46/81 hp.
You are too injured to fight recklessly!
Your chain mail prevents you from hitting the killer bee.
Your kick misses the killer bee.
You feel sick.
The killer bee stings you but does no damage. x2
You block the killer bee's attack.
The killer bee stings you but does no damage.
You take 2 damage, and have 44/81 hp.
Your shield and chain mail prevent you from hitting the killer bee.
Your kick misses the killer bee.
You feel sick.
The killer bee stings you but does no damage. x4
You block the killer bee's attack.
The killer bee stings you but does no damage.
You take 2 damage, and have 42/81 hp.
Your chain mail prevents you from hitting the killer bee.
Your kick misses the killer bee.
You feel sick.
The killer bee stings you but does no damage. x2
The killer bee barely misses you. The killer bee completely misses you.
The killer bee stings you but does no damage.
The killer bee stings you.
You take 7 damage, and have 35/81 hp.
You hit the killer bee.
The killer bee is poisoned.
Your kick misses the killer bee.
You feel sick.
The killer bee stings you but does no damage. x2
The killer bee stings you!
You are more poisoned.
The killer bee poisons you! The killer bee barely misses you.
The killer bee stings you but does no damage.
You take 9 damage, and have 26/81 hp.
You feel sick.
The killer bee stings you but does no damage.
You take 1 damage, and have 25/81 hp.
You feel sick.
Found a ring mail.
Found a stone staircase leading down.
You take 1 damage, and have 24/81 hp.
You are too injured to fight recklessly!
You hit the killer bee. Your kick misses the killer bee.
You feel sick. The killer bee stings you.
* * * LOW HITPOINT WARNING * * *
You are lethally poisoned!
The killer bee poisons you!
The killer bee stings you but does no damage. x2
You block the killer bee's attack.
The killer bee stings you but does no damage.
You take 3 damage, and have 21/81 hp.
Drink which item? (? for menu, Esc to quit)
It was a potion of magic.
Magic courses through your body.
* * * LOW HITPOINT WARNING * * *
You feel sick. The killer bee stings you.
* * * LOW HITPOINT WARNING * * *
The killer bee stings you.
* * * LOW HITPOINT WARNING * * *
The killer bee stings you but does no damage. x2
The killer bee completely misses you. The killer bee stings you.
* * * LOW HITPOINT WARNING * * *
You take 10 damage, and have 11/81 hp.
You miss the killer bee. Your kick misses the killer bee.
* * * LOW HITPOINT WARNING * * *
You feel sick.
The killer bee stings you but does no damage. x4
The killer bee stings you!
* * * LOW HITPOINT WARNING * * *
You take 9 damage, and have 2/81 hp.
Drink which item? (? for menu, Esc to quit)
It was a potion of degeneration.
There was something very wrong with that liquid.
You feel weakened.
You feel dopey.
You feel clumsy.
* * * LOW HITPOINT WARNING * * *
You feel sick.
The killer bee stings you but does no damage. x5
The killer bee barely misses you.
You take 1 damage, and have 1/81 hp.
Drink which item? (? for menu, Esc to quit)
It was a potion of brilliance.
You feel clever all of a sudden.
You die...

##[..........
#........(..
#........>.
#......... #
........ . .#.
..... ...... #
#..# .#.. .
#.#y@# ...#..
..##.#yy##.#....
.......s........
...#.......#..#
..............#
.#####...#...##
#..†##### .
#..(###....
#..........


You could see a scorpion and 3 killer bees.

Vanquished Creatures
  An ice statue (D:8)
  Psyche (D:8)
  Prince Ribbit (D:8)
  A basilisk (D:8)
  A water moccasin (D:6)
  5 porcupines (D:8)
  3 ice beasts
  A sky beast (D:6)
  2 black bears (D:8)
  A centaur (D:5)
  2 crocodiles
  2 giant frogs
  3 scorpions
  5 wights (D:8)
  6 killer bees
  4 howler monkeys (D:6)
  2 crimson imps
  2 orc priests
  A centaur zombie (D:6)
  A gnoll shaman (D:8)
  5 hounds
  A centaur skeleton (D:8)
  2 giant frog skeletons (D:8)
  Jessica (D:3)
  13 orc wizards
  3 worker ants
  5 sheep (D:8)
  A hound skeleton (D:5)
  Robin (D:2)
  2 howler monkey skeletons
  14 adders
  6 gnolls
  A river rat (D:8)
  2 oozes
  5 worms
  3 adder skeletons (D:5)
  3 dart slugs
  5 giant geckos
  30 orcs
  11 bats
  3 giant cockroaches
  12 goblins
  11 hobgoblins
  15 jackals
  A quokka (D:5)
  5 giant newts
  7 kobolds
  7 rats
  A spectral orc (D:2)
221 creatures vanquished.

Vanquished Creatures (others)
  A hound skeleton (D:4)
  A giant cockroach (D:4)
  A fungus (D:8)
  4 plants (D:8)
7 creatures vanquished.

Grand Total: 228 creatures vanquished

Notes
Turn   | Place    | Note
--------------------------------------------------------------
     0 | D:1      | Fuzzwah the Centaur Hunter began the quest for the Orb.
     0 | D:1      | Reached XP level 1. HP: 17/17 MP: 1/1
   181 | D:1      | Reached XP level 2. HP: 24/24 MP: 2/2
   291 | D:1      | Reached skill level 1 in Stealth
   792 | D:1      | Reached XP level 3. HP: 20/29 MP: 3/3
   845 | D:1      | Reached skill level 2 in Dodging
  1496 | D:2      | Reached skill level 1 in Armour
  1614 | D:2      | Reached XP level 4. HP: 36/36 MP: 4/4
  1659 | D:2      | Noticed Robin
  1747 | D:2      | Found a basalt altar of Yredelemnul.
  1796 | D:2      | Killed Robin
  1988 | D:2      | Found a white marble altar of Elyvilon.
  1988 | D:2      | Found a shimmering altar of Xom.
  1989 | D:2      | Found a sacrificial altar of Ru.
  2202 | D:3      | Noticed Jessica
  2205 | D:3      | Killed Jessica
  2221 | D:3      | Reached XP level 5. HP: 37/41 MP: 5/5
  2263 | D:3      | Noticed slender's ghost (amateur KoAr)
  2327 | D:3      | Found a sparkling altar of Nemelex Xobeh.
  2404 | D:3      | Found a snail-covered altar of Cheibriados.
  2430 | D:3      | Reached skill level 6 in Bows
  2511 | D:3      | HP: 10/41 [bat (1)]
  3450 | D:4      | Reached skill level 3 in Dodging
  3461 | D:4      | Reached skill level 2 in Armour
  3469 | D:4      | HP: 6/41 [gnoll/whip (5)]
  3768 | D:4      | Reached XP level 6. HP: 42/48 MP: 6/6
  3814 | D:4      | Found a glowing silver altar of Zin.
  4120 | D:4      | Upgraded the game from 0.18-a0-1610-g0a7c96e to 0.18-a0-1618-gf90497c
  4177 | D:4      | Found a staircase to the Ecumenical Temple.
  4186 | Temple   | Entered the Ecumenical Temple
  4448 | D:4      | Noticed a moth of wrath
  4490 | D:4      | Found a bloodstained altar of Trog.
  4776 | D:4      | Became a worshipper of Trog the Wrathful
  5049 | D:5      | Entered Level 5 of the Dungeon
  5110 | D:5      | Found a burning altar of Makhleb.
  5424 | D:5      | Reached skill level 3 in Armour
  5651 | D:5      | Reached XP level 7. HP: 33/55 MP: 7/7
  6108 | D:5      | Reached skill level 4 in Dodging
  6160 | D:6      | Reached skill level 7 in Bows
  6164 | D:6      | Reached * piety under Trog
  6819 | D:6      | Reached skill level 1 in Short Blades
  6819 | D:6      | Reached skill level 4 in Armour
  6819 | D:6      | Reached XP level 8. HP: 62/62 MP: 8/8
  7107 | D:6      | Found an oddly glowing altar of Pakellas.
  7170 | D:6      | Reached skill level 3 in Fighting
  7292 | D:6      | Reached ** piety under Trog
  7491 | D:6      | HP: 15/63 [ice beast (4)]
  7499 | D:6      | Reached skill level 8 in Bows
  7499 | D:6      | Reached skill level 5 in Dodging
  7502 | D:6      | Reached skill level 2 in Short Blades
  8417 | D:8      | Noticed Psyche
  8426 | D:8      | Noticed Prince Ribbit
  8429 | D:8      | Killed Psyche
  8429 | D:8      | Reached skill level 5 in Armour
  8429 | D:8      | Reached XP level 9. HP: 29/71 MP: 9/9
  8435 | D:8      | Killed Prince Ribbit
  8435 | D:8      | Reached skill level 3 in Short Blades
  8448 | D:8      | Reached skill level 4 in Fighting
  8806 | D:8      | Reached *** piety under Trog
  8861 | D:8      | Reached skill level 6 in Dodging
  8882 | D:8      | Reached skill level 9 in Bows
  8943 | D:8      | Found a staircase to the Lair.
  9145 | D:8      | Found a blossoming altar of Fedhas.
  9166 | D:8      | Reached skill level 6 in Armour
  9210 | D:8      | Noticed an ice statue
  9255 | D:8      | HP: 13/72 [ice statue] (8)]
  9733 | D:8      | Reached skill level 4 in Short Blades
  9733 | D:8      | Reached XP level 10. HP: 80/80 MP: 10/10
 10689 | D:8      | Killed an ice statue
 10816 | D:9      | HP: 20/80 [poisoned by a killer bee]
 10822 | D:9      | HP: 18/80 [poisoned by a killer bee]
 10827 | D:9      | HP: 16/80 [poisoned by a killer bee]
 10833 | D:9      | HP: 15/80 [poisoned by a killer bee]
 10841 | D:9      | HP: 15/80 [poisoned by a killer bee]
 11147 | D:9      | Reached skill level 5 in Fighting
 11162 | D:9      | HP: 19/81 [poisoned by a killer bee]
 11163 | D:9      | HP: 9/81 [poisoned by a killer bee]
 11163 | D:9      | HP: 2/81 [killer bee (7)]
 11165 | D:9      | Succumbed to a killer bee's poison

Vault maps used:
D:1:      sevenhm_arrival_forest_fort_small_3
D:2:      yredelemnul_forgotten_temple_becter, gammafunk_temple_overflow_claw,
          uniq_robin
D:3:      lemuel_coloured_pillars_altar, nicolae_overflow_crystal_walls,
          uniq_jessica
D:4:      zin_treasury, tgw_trog, lemuel_temple_firewalk_marked, first_bread
D:5:      overflow_temple_1_default
D:6:      kennysheep_mini_moat
D:8:      lemuel_ice_statue, marbit_many_paths, minmay_lair_entry_grove,
          uniq_psyche, uniq_prince_ribbit1
D:9:      lemuel_blue_sif_altar, hangedman_little_slice_of_home
Temple:   minmay_temple_bridge_d_8

Skill      XL: |  1  2  3  4  5  6  7  8  9 10 |
---------------+-------------------------------+-----
Stealth        | 1 |  1.0
Dodging        | 2 3 4 5 6 |  6.6
Armour         | 1 2 3 4 5 6 |  6.2
Bows           | 6 7 8 9 |  9.5
Short Blades   | 1 2 4 |  4.1
Fighting       | 3 4 5 |  5.0

Action                   |  1- 3 |  4- 6 |  7- 9 | 10-12 || total
-------------------------+-------+-------+-------+-------++-------
Melee: Short sword       |    14 |   231 |   423 |   219 ||   887
 Fire: Shortbow          |   140 |    32 |   207 |    56 ||   435
Invok: Burn Spellbooks   |       |     1 |     1 |       ||     2
       Berserk           |       |       |     3 |       ||     3
  Use: Scroll            |       |    14 |     6 |     5 ||    25
       Potion            |       |     3 |     4 |     3 ||    10
  Eat: Chunk             |     1 |     3 |    13 |       ||    17
       Fruit             |       |     4 |       |       ||     4
       Bread ration      |       |     1 |     1 |     1 ||     3

Vault maps used:
D:1:      sevenhm_arrival_forest_fort_small_3
D:2:      yredelemnul_forgotten_temple_becter, gammafunk_temple_overflow_claw,
          uniq_robin
D:3:      lemuel_coloured_pillars_altar, nicolae_overflow_crystal_walls,
          uniq_jessica
D:4:      zin_treasury, tgw_trog, lemuel_temple_firewalk_marked, first_bread
D:5:      overflow_temple_1_default
D:6:      kennysheep_mini_moat
D:8:      lemuel_ice_statue, marbit_many_paths, minmay_lair_entry_grove,
          uniq_psyche, uniq_prince_ribbit1
D:9:      lemuel_blue_sif_altar, hangedman_little_slice_of_home
Temple:   minmay_temple_bridge_d_8

Table legend:
 A = Turns spent in this place as a percentage of turns spent in the entire game.
 B = Non-inter-level travel turns spent in this place as a percentage of non-inter-level travel turns spent in the entire game.
 C = Inter-level travel turns spent in this place as a percentage of turns spent in this place.
 D = Turns resting spent in this place as a percentage of non-inter-level travel turns spent in this place.
 E = Turns spent auto-exploring this place as a percentage of non-inter-level travel turns spent in this place.
 F = Non-inter-level travel turns spent in this place divided by the number of levels of this place that you've seen.
                   A       B       C       D       E      F
               +-------+-------+-------+-------+-------+----------------------
         Total | 100.0 | 100.0 |   1.0 |   3.3 |   9.3 | 264.7
       Dungeon |  99.7 |  99.8 |   1.0 |   3.3 |   9.2 | 293.4
        Temple |   0.3 |   0.2 |  14.3 |   0.0 |  50.0 |   6.0
               +-------+-------+-------+-------+-------+----------------------

Table legend:
 A = Kills in this place as a percentage of kills in entire the game.
 B = Kills by you in this place as a percentage of kills by you in the entire game.
 C = Kills by friends in this place as a percentage of kills by friends in the entire game.
 D = Other kills in this place as a percentage of other kills in the entire game.
 E = Experience gained in this place as a percentage of experience gained in the entire game.
 F = Experience gained in this place divided by the number of levels of this place that you have seen.
                   A       B       C       D       E      F
               +-------+-------+-------+-------+-------+----------------------
         Total | 100.0 | 100.0 |  -nan |  -nan | 100.0 | 655.5
       Dungeon | 100.0 | 100.0 |  -nan |  -nan | 100.0 | 728.3
               +-------+-------+-------+-------+-------+----------------------
